 Dungeon Crawl Stone Soup version 0.19-a0-1021-g80cc50c (webtiles) character file.

22 ololoev the Covered (level 2, -1/26 HPs)
             Began as a Hill Orc Fighter on July 27, 2016.
             Killed by divine providence
             ... invoked by an orc priest
              (9 damage)
             ... on level 4 of the Dungeon.
             The game lasted 00:02:19 (356 turns).

ololoev the Covered (Hill Orc Fighter)               Turns: 356, Time: 00:02:20

Health: -1/26      AC:  8    Str: 23    XL:     2   Next: 91%
Magic:  2/2        EV:  7    Int:  8    God:
Gold:   60         SH:  0    Dex: 10    Spells: 0 memorised, 1 level left

rFire  . . .     SeeInvis .     a - +0 war axe
rCold  . . .     Gourm    .     b - +0 scale mail
rNeg   . . .     Faith    .     c - +0 shield
rPois  .         Spirit   .     (no helmet)
rElec  .         Dismiss  .     h - +0 cloak
rCorr  .         Reflect  .     (no gloves)
SustAt .         Harm     .     (no boots)
MR     .....                    (no amulet)
Stlth  ..........               (no ring)
                                (no ring)

@: confused, mighty, not resistant to hostile enchantments, extremely unstealthy
A: no striking features
a: Convert to Beogh

Inventory:

Hand Weapons
 a - a +0 war axe (weapon)
Armour
 b - a +0 scale mail (worn)
 c - a +0 shield (worn)
 h - a +0 cloak (worn)
Scrolls
 e - a scroll of remove curse {unknown}
 i - a scroll of amnesia {unknown}
 j - a scroll of teleportation {unknown}
 m - a scroll of enchant armour {unknown}
 n - a scroll of fog {unknown}
Potions
 g - a potion of flight {unknown}
 k - a potion of magic {unknown}
Comestibles
 f - 4 bread rations
 l - 3 meat rations


   Skills:
 - Level 3.6 Fighting
 * Level 3.7 Axes
 + Level 3.8 Armour
 - Level 3.2 Shields


You had one spell level left.
You didn't know any spells.


You were on level 4 of the Dungeon.
You were not hungry.

You visited 1 branch of the dungeon, and saw 4 of its levels.

You collected 60 gold pieces.

...
...###########
..............#
..............#
..............#
..............#
.......loo....###
.......oo@...)..#
.........S......#
>......(........#
..............###
#.#...........#
...........####
.#.........#
...........#
##.........#

Notes
Turn   | Place    | Note
-------+----------+-------------------------------------------
     0 | D:1      | ololoev the Hill Orc Fighter began the quest for the Orb.
     0 | D:1      | Reached XP level 1. HP: 19/19 MP: 1/1
   115 | D:2      | Found a snail-covered altar of Cheibriados.
   136 | D:2      | Reached XP level 2. HP: 14/26 MP: 2/2
   350 | D:4      | Noticed Sigmund
   356 | D:4      | Killed from afar by an orc priest

Dungeon Overview and Level Annotations

Branches:
Dungeon (4/15)
 Temple: D:4-7

Altars:
Cheibriados

Annotations:
D:4 Sigmund


Message History

No target in view!
No target in view!
No target in view!
No target in view!
No target in view!
No target in view!
No target in view!
No target in view!
Things that are here:
a short sword; a kobold corpse
Found a stone staircase leading up.
Found 18 gold pieces, 10 arrows and a robe.
A dart slug comes into view.
The dart slug launches a dart at you. The slug dart hits you!
You see here 18 gold pieces.
You hit the dart slug.
The dart slug is heavily wounded.
You block the dart slug's attack.
Your shield prevents you from hitting the dart slug.
The dart slug is heavily wounded.
You block the dart slug's attack.
You hit the dart slug but do no damage.
The dart slug is heavily wounded.
You block the dart slug's attack.
You hit the dart slug.
The dart slug is severely wounded.
You block the dart slug's attack.
You slash the dart slug!
You kill the dart slug!
No target in view!
You now have 60 gold pieces (gained 18).
(D) Dungeon
Where to? (Enter - D:2, ? - help)
Things that are here:
a short sword; a kobold corpse
Things that are here:
a ring mail; a dart slug corpse You see here a stone.
There is a stone staircase leading down here.
You climb downwards.
There is a stone staircase leading up here.
Found a stone staircase leading down.
There is a stone staircase leading down here.
You climb downwards.
A giant gecko, an adder, 4 orcs and Sigmund come into view.
Sigmund shouts!
The giant gecko hisses angrily.
The adder hisses angrily.
The orc shouts! x2
The orc priest threatens, "By the altar or by the axe, you will meet Beogh!" (press Y on the ability menu to convert to Beogh)
The orc priest shouts!
Found a hunting sling.
There is a stone staircase leading up here.
Unknown command.
You feel very mighty all of a sudden. Sigmund gestures at you while chanting.
You are confused.
The orc hits you.
Sigmund mumbles some strange words.
Sigmund flickers and vanishes!
Deactivating autopickup; reactivate with Ctrl-A.
You miss the orc. The orc barely misses you.
The adder bites you but does no damage.
The orc priest miscasts a cantrip.
The orc throws a tomahawk.
The tomahawk hits you but does no damage.
The orc priest invokes the aid of Beogh against you.
Beogh smites you!
Found an escape hatch in the floor.
You see here a tomahawk.
Unknown command.
The adder barely misses you. The orc hits you but does no damage. x2
The orc hits you with a dagger.
Unknown command.
The orc throws a tomahawk.
The tomahawk hits you but does no damage.
The orc hits you but does no damage.
The orc priest invokes the aid of Beogh against you.
Beogh smites you!
You die...

You could see an orc priest, an adder, 3 orcs and a giant gecko.

Vanquished Creatures
  2 dart slugs (D:2)
  A giant gecko (D:2)
  3 hobgoblins
  5 bats
  A giant newt (D:1)
  5 kobolds
  A rat (D:1)
18 creatures vanquished.

Action                   || total
-------------------------++-------
Melee: War axe           ||    53
  Use: Potion            ||     1
Armor: Scale mail        ||    39
Dodge: Dodged            ||    33
Block: Shield            ||    28

Vault maps used:
D:1:      eino_arrival_druids_welcome, minmay_tromino_i2
D:2:      overflow_temple_1_default, nrook_mini_vaults
D:3:      wad_woods_settlement, first_bread, bh_walls_and_bars, uniq_jessica
D:4:      uniq_grinder, uniq_sigmund, uniq_crazy_yiuf_cottage
